Map: Port Aleksander LE

Players

Bly

  • Race: Zerg Zerg
  • Spawn Location: 5:00

Rail - Winner!

  • Race: Protoss Protoss
  • League: Grandmaster
  • Spawn Location: 11:00

Event: 2019 WCS Winter Europe

VOD

Have the link to the VOD?

Description

Time

  • Played on: Jan. 31, 2019, 10:33 a.m.
  • Length: 9:52

All games in this series

Show
View Real Time Build Order
Export as new Build Order

Bly Zerg 

Build Orders: 3 Hatch before Pool, Swarm Host 

Get SALT Encoding   

  12  0:01  Drone  
  13  0:12  Overlord  
  13  0:17  Drone  
  14  0:32  Drone x2  
  16  0:50  Hatchery  
  16  0:53  Drone  
  16  1:19  Hatchery  
  16  1:22  Drone x2  
  17  1:26  Drone  
  18  1:36  Extractor  
  17  1:42  Spawning Pool  
  17  1:46  Drone  
  17  1:48  Drone  
  18  1:54  Drone  
  19  2:02  Drone  
  19  2:06  Drone  
  22  2:20  Drone x2  
  23  2:24  Hatchery  
  23  2:29  Queen x2  
  22  2:34  Drone  
  27  2:39  Overlord  
  27  2:44  Metabolic Boost  
  27  2:47  Zergling x2  
  27  2:50  Extractor  
  27  2:51  Zergling x2  
  29  3:00  Drone x3  
  29  3:04  Overlord  
  32  3:12  Queen  
  34  3:16  Drone  
  35  3:21  Overlord  
  35  3:22  Drone  
  36  3:33  Drone  
  36  3:34  Drone x2  
  39  3:36  Drone  
  39  3:38  Drone  
  39  3:40  Overlord  
  39  3:41  Drone  
  42  3:42  Drone  
  42  3:47  Drone x2  
  45  3:51  Queen  
  47  3:57  Drone x2  
  49  4:07  Drone x2  
  49  4:08  Drone x2  
  53  4:10  Drone x3  
  53  4:12  Drone x2  
  53  4:15  Spore Crawler  
  57  4:17  Spore Crawler  
  57  4:18  Spore Crawler  
  57  4:23  Lair  
  55  4:27  Zergling x6  
  58  4:32  Overlord  
  58  4:34  Overlord  
  58  4:35  Overlord  
  58  4:39  Overlord  
  58  4:42  Overlord  
  58  4:46  Overlord x2  
  58  4:49  Overlord  
  58  4:52  Drone x3  
  61  4:58  Zergling x10  
  66  5:03  Drone  
  66  5:04  Drone x3  
  70  5:09  Extractor  
  70  5:10  Extractor  
  70  5:12  Roach Warren  
  67  5:17  Drone x6  
  67  5:20  Drone  
  72  5:25  Hydralisk Den  
  72  5:26  Drone  
  70  5:37  Drone x5  
  74  5:44  Queen  
  74  5:47  Extractor  
  74  5:49  Drone  
  76  5:50  Drone  
  76  5:51  Drone  
  76  5:54  Roach x6  
  89  5:57  Muscular Augments  
  89  5:58  Overlord  
  89  6:06  Hatchery  
  87  6:20  Hydralisk x5  
  97  6:25  Drone  
  97  6:26  Extractor, Drone x4  
  97  6:27  Extractor, Drone x2  
  100  6:45  Overlord  
  100  6:48  Overlord x2  
  100  6:56  Infestation Pit  
  100  6:59  Hydralisk x6  
  111  7:01  Zergling x2  
  111  7:02  Zergling x2  
  111  7:03  Overlord x6  
  111  7:07  Baneling Nest  
  112  7:15  Overseer  
  112  7:18  Drone x4  
  112  7:19  Roach x2  
  112  7:20  Roach x2  
  122  7:33  Ravager x5  
  127  7:38  Hatchery  
  127  7:40  Roach x3  
  127  7:41  Roach x2  
  133  7:54  Zergling x22  
  144  8:01  Ravager x2  
  144  8:02  Zergling x8  
  150  8:10  Roach  
  150  8:11  Roach x2  
  135  8:19  Roach x2  
  126  8:25  Roach  
  111  8:27  Roach x2  
  111  8:29  Roach x2  
  107  8:35  Roach  
  107  8:36  Roach  
  105  8:43  Ravager x2  
  105  8:45  Swarm Host  
  105  8:46  Roach x2  
  111  8:51  Roach  
  109  8:58  Roach x2  
  109  9:00  Swarm Host  
  103  9:03  Roach  
  103  9:06  Roach  
  85  9:12  Swarm Host  
  85  9:13  Roach  
  85  9:14  Queen  
  85  9:15  Queen x2  
  83  9:19  Swarm Host  
  83  9:22  Roach  
  85  9:26  Roach  
Show
View Real Time Build Order
Export as new Build Order

Rail Protoss - Winner!

Build Orders: Oracle Opening, Phoenix Opening, Zealot Archon, Archon Drop 

Get SALT Encoding   

  12  0:00  Probe  
  13  0:12  Probe  
  14  0:18  Pylon  
  14  0:24  Probe  
  15  0:32  Probe  
  15  0:39  Gateway  
  15  0:40  Probe  
  16  0:48  Assimilator  
  17  0:51  Probe  
  18  1:03  Probe  
  19  1:15  Probe  
  20  1:26  Zealot  
  20  1:28  Probe  
  20  1:29  Cybernetics Core  
  20  1:32  Pylon  
  23  1:42  Assimilator  
  23  1:46  Probe  
  24  1:54  Probe  
  25  2:04  Probe  
  25  2:05  Adept  
  29  2:25  Nexus  
  28  2:34  Stargate  
  28  2:37  Probe  
  29  2:45  Pylon  
  29  2:49  Probe  
  30  2:53  Warp Gate  
  30  3:01  Probe  
  33  3:10  Phoenix  
  33  3:13  Probe  
  36  3:22  Gateway  
  36  3:25  Probe  
  35  3:33  Oracle  
  35  3:35  Probe  
  35  3:37  Probe  
  40  3:43  Probe  
  41  3:50  Probe  
  41  3:51  Probe  
  41  3:55  Twilight Council  
  43  4:02  Probe  
  44  4:03  Probe, Robotics Facility  
  45  4:10  Probe  
  45  4:11  Probe  
  45  4:13  Assimilator x2  
  47  4:18  Probe  
  47  4:20  Probe  
  47  4:22  Pylon  
  49  4:28  Probe  
  50  4:32  Probe  
  51  4:40  Probe, Gateway  
  51  4:41  Gateway  
  51  4:44  Probe  
  53  4:49  Templar Archives  
  53  4:51  Warp Prism  
  55  5:00  Probe  
  55  5:06  Pylon  
  56  5:16  Adept  
  56  5:18  Adept  
  57  5:23  Probe x2  
  57  5:24  Pylon  
  59  5:40  Immortal, Gateway  
  59  5:41  Gateway, Resonating Glaives  
  59  5:42  Adept x2  
  64  5:47  Probe  
  67  6:01  Nexus  
  67  6:04  High Templar x3  
  69  6:06  High Templar  
  69  6:08  Pylon, Archon  
  69  6:10  Archon  
  75  6:15  Immortal  
  75  6:18  Pylon  
  75  6:23  Probe x2  
  77  6:30  Gateway  
  81  6:33  Pylon  
  81  6:35  Probe  
  81  6:37  Probe  
  83  6:41  Sentry x2  
  83  6:42  Warp Prism  
  87  6:47  Probe  
  87  6:49  Probe  
  93  6:56  Sentry  
  93  6:59  Probe  
  94  7:01  Probe  
  94  7:07  Sentry, Adept x2  
  101  7:11  Probe  
  101  7:13  Observer  
  101  7:14  Adept x2  
  107  7:15  Probe  
  108  7:25  Pylon  
  108  7:27  Pylon  
  108  7:28  Adept  
  108  7:29  Pylon  
  110  7:30  Sentry, Adept  
  110  7:31  Adept  
  116  7:44  Adept  
  116  7:45  Adept  
  116  7:49  Sentry, Adept  
  120  7:51  Adept x2  
  120  7:53  Adept  
  126  7:59  Probe x2  
  126  8:00  Probe  
  126  8:02  Adept, Pylon  
  123  8:12  Adept x2  
  123  8:13  Adept x3  
  123  8:19  Adept x2  
  107  8:31  Adept  
  107  8:32  Adept  
  107  8:33  Adept x3  
  105  8:37  Immortal  
  109  8:42  Adept  
  109  8:43  Adept  
  111  9:01  Adept x3  
  111  9:02  Adept x2  
  111  9:05  Adept x2  
  93  9:27  Adept x3  
  93  9:28  Adept x4  
Tags
 
Add a new tag
Caveats
  • Supply blocks, unpowered buildings, or Contaminate may cause inaccurate times.
  • Supply counts are checked every 10 seconds.